 Dungeon Crawl Stone Soup version 0.27-a0-1497-gf8f22f7954 (webtiles) character file.

Game seed: 2142297987492770120

39020 27snakeeyes612 the Cleaver (level 13, -1/124 HPs)
             Began as a Minotaur Berserker on July 7, 2021.
             Was a High Priest of Trog.
             Shot with an arrow by Nessos (8 damage)
             ... on level 4 of the Lair of Beasts.
             The game lasted 00:13:11 (16923 turns).

27snakeeyes612 the Cleaver (Minotaur Berserker)    Turns: 16923, Time: 00:13:11

Health: -1/124     AC: 18    Str: 27    XL:     13   Next: 67%
Magic:  12/12      EV: 16    Int:  4    God:    Trog [*****.]
Gold:   1093       SH:  0    Dex: 10    Spells: 12/12 levels left

rFire    . . .     SeeInvis .   M - +8 frozen axe "Frostbite" {freezing cloud, *Noise Fly rC+}
rCold    + . .     Faith    .   (shield currently unavailable)
rNeg     . . .     Spirit   .   d - +0 plate armour
rPois    .         Reflect  .   (helmet restricted)
rElec    .         Harm     .   D - +1 cloak
rCorr    +         Rampage  .   (no gloves)
Will     ++...                  (no boots)
Stlth    ..........             r - amulet of the acrobat
HPRegen  1.30/turn              E - ring of resist corrosion
MPRegen  0.13/turn              J - +4 ring of evasion

@: lethally poisoned (-1 -> -36), about to teleport, strong-willed, flying,
regenerating
A: horns 2, retaliatory headbutt
a: Renounce Religion, Berserk, Trog's Hand, Brothers in Arms


You were on level 4 of the Lair of Beasts.
You worshipped Trog.
Trog was extremely pleased with you.
You visited 2 branches of the dungeon, and saw 17 of its levels.

You collected 1243 gold pieces.
You spent 150 gold pieces at shops.

Inventory:

Hand Weapons
 a - the +9 morningstar "Poiloir" {flame, rPois Str+3}
   (You took it off a centaur warrior on level 13 of the Dungeon)

   It has been specially enchanted to burn those struck by it, causing extra
   injury to most foes and up to half again as much damage against particularly
   susceptible opponents.
   Str:       It affects your strength (+3).
   rPois:     It protects you from poison.
 M - the +8 frozen axe "Frostbite" (weapon) {freezing cloud, *Noise Fly rC+}
   (You found it on level 11 of the Dungeon)

   It has been specially enchanted to freeze those struck by it, causing extra
   injury to most foes and up to half again as much damage against particularly
   susceptible opponents.
   It can also slow down cold-blooded creatures.
   rC:        It protects you from cold.
   Fly:       It grants you flight.
   *Noise:    It may make noises in combat.
 P - a +1 broad axe
 S - a +2 battleaxe of flaming
Missiles
 y - 2 throwing nets
 F - 6 boomerangs of dispersal
 G - 2 atropa-tipped darts
 O - a curare-tipped dart
Armour
 b - a +0 animal skin
 d - a +0 plate armour (worn)
 x - a +0 cloak
 D - a +1 cloak (worn)
Jewellery
 r - an amulet of the acrobat (around neck)
 u - a ring of protection from cold
 E - a ring of resist corrosion (left hand)
 J - a +4 ring of evasion (right hand)
 N - a ring of ice
Wands
 j - a wand of polymorph (16)
 q - a wand of paralysis (27)
 H - a wand of iceblast (16) (quivered)
 K - a wand of flame (32)
 L - a wand of acid (9)
Scrolls
 e - 11 scrolls of identify
 g - 6 scrolls of magic mapping
 h - 4 scrolls of vulnerability
 l - 5 scrolls of teleportation
 m - 3 scrolls of holy word
 o - a scroll of fear
 v - 4 scrolls of amnesia
 B - 2 scrolls of fog
Potions
 f - 2 potions of degeneration
 i - a potion of flight
 k - 7 potions of might
 n - a potion of invisibility {unknown}
 p - 3 potions of lignification
 s - 3 potions of brilliance
 t - a potion of haste
 A - a potion of magic {unknown}
 C - 8 potions of curing {unknown}
 I - a potion of mutation {unknown}
 Q - a potion of ambrosia {unknown}


   Skills:
 + Level 14.2 Fighting
 + Level 14.2 Axes
 + Level 14.0 Armour
 + Level 12.9 Dodging


You had 12 spell levels left.
You didn't know any spells.
Your spell library was empty.

Dungeon Overview and Level Annotations

Branches:
Dungeon (13/15)            Temple (0/1) D:5            Lair (3/6) D:9
  Swamp (0/4) Lair:2          Orc (0/2) D:11
  Snake: Lair:2-4    Spider: Lair:2-4    Vaults: D:13-14

Altars:
Dithmenos
Elyvilon
Gozag
Kikubaaqudgha
Okawaru
Vehumet
Wu Jian
Yredelemnul
Zin
The Shining One

Shops:
D:2 ?!!   D:5 (   D:6 *   D:9 !   D:10 *

Annotations:
Lair:3 Sonja
Lair:4 Nessos


Innate Abilities, Weirdness & Mutations

You have a pair of horns on your head.
You reflexively headbutt those who attack you in melee.


Message History

Your ogre's corpse disappears in a puff of smoke!
Nessos shoots an arrow.
The arrow hits you!
* * * LOW HITPOINT WARNING * * *
The arrow burns you.
* * * LOW HITPOINT WARNING * * *
You feel much better.
You feel very sick.
Nessos shoots an arrow.
The arrow hits you.
* * * LOW HITPOINT WARNING * * *
The arrow burns you.
* * * LOW HITPOINT WARNING * * *
A polar bear comes into view.
Nessos shoots an arrow.
The arrow barely misses you.
Blink to where?
Press: ? - help, Dir - move target
As you read the scroll of blinking, it crumbles to dust.
* * * LOW HITPOINT WARNING * * *
You feel very sick.
You feel much better.
You feel very sick.
As you read the scroll of teleportation, it crumbles to dust.
You feel strangely unstable.
You feel very sick.
Nessos shoots an arrow.
The arrow completely misses you.
You feel sick.
You feel sick.
Nessos shoots an arrow.
The arrow hits you!
* * * LOW HITPOINT WARNING * * *
The arrow burns you.
You are lethally poisoned!
* * * LOW HITPOINT WARNING * * *
You feel much better.
You feel very sick.
Nessos stands on their hind legs for a moment.
Nessos shoots an arrow.
The arrow hits you!
* * * LOW HITPOINT WARNING * * *
The arrow burns you.
You are more poisoned.
* * * LOW HITPOINT WARNING * * *
Nessos blinks!
Nessos shoots an arrow.
The arrow hits you!
You die...

P#.. #. .. #P.. #......
P# ... # ..P.... ... #..
. .#..... ...P#..
.#....... .#.....
#........
.......##........
.......@h........
..........O.............
....................(...
........................
...........?............
.#...........ยง..........
#......c.......#........
..............#.........
...........#....PP....


You could see Nessos (fast), a polar bear (ally target) and a friendly ogre
(summoned, berserk).

Vanquished Creatures
  Rupert (Lair:3)
  Kirke (Lair:4)
  Harold (D:7)
  Erolcha (D:9)
  4 hydras
  3 two-headed ogres
  A centaur warrior (D:13)
  4 death yaks
  3 cyclopes (D:12)
  A manticore (D:11)
  Joseph (D:10)
  A black mamba (Lair:1)
  A gargoyle (D:11)
  2 torpor snails
  6 cane toads
  3 freezing wraiths (D:11)
  7 komodo dragons
  2 ice devils (D:11)
  6 trolls
  5 polar bears
  A tyrant leech (Lair:2)
  Grinder (D:4)
  A meliai zombie (D:11)
  5 blink frogs (Lair:1)
  2 vampires
  7 wyverns
  3 basilisks
  2 wraiths
  3 hogs (Lair:4)
  16 yaks
  3 vampire mosquitoes (D:12)
  2 steam dragons
  Menkaure (D:5)
  2 acid dragons
  2 swamp worms (Lair:2)
  10 water moccasins
  5 orc warriors
  4 sky beasts
  3 ice beasts
  5 black bears
  A necrophage (D:4)
  4 wolves (Lair:3)
  3 ogres
  7 centaurs
  4 kobold brigands
  3 gnoll sergeants (D:11)
  9 bullfrogs
  2 wyvern zombies
  4 scorpions
  2 water moccasin zombies
  2 wyvern skeletons
  6 killer bees
  2 howler monkeys
  5 wights
  2 electric eels (Lair:2)
  6 centaur zombies
  A bullfrog zombie (D:5)
  2 jellies
  4 hounds
  2 gnoll shamans (D:7)
  4 orc priests
  Crazy Yiuf (D:7)
  A bullfrog skeleton (D:6)
  3 iguanas
  Ijyb (D:3)
  14 orc wizards
  4 hell rats (Lair:3)
  A killer bee zombie (D:8)
  A hound zombie (D:5)
  3 howler monkey zombies
  9 gnolls
  9 adders
  A howler monkey skeleton (D:7)
  2 shadow imps (D:7)
  3 white imps
  3 worms
  The ghost of fly the Sneak, a weakling HuDe (D:5)
  2 dart slugs
  36 orcs
  8 ball pythons
  7 bats
  4 endoplasms
  6 giant cockroaches
  12 goblins
  8 hobgoblins
  13 jackals
  6 kobolds
  5 quokkas
  2 frilled lizards (D:1)
  4 rats
377 creatures vanquished.

Vanquished Creatures (collateral kills)
  A centaur warrior (D:13)
  A phantasmal warrior (D:13)
  Maurice (D:13)
3 creatures vanquished.

Vanquished Creatures (others)
  11 fungi
  45 plants
56 creatures vanquished.

Grand Total: 436 creatures vanquished

Notes
Turn   | Place    | Note
-------+----------+-------------------------------------------
     0 | D:1      | 27snakeeyes612 the Minotaur Berserker began the quest for
                  | the Orb.
     0 | D:1      | Reached XP level 1. HP: 19/19 MP: 0/0
    92 | D:1      | Found a faded altar of an unknown god.
   222 | D:1      | Reached XP level 2. HP: 27/27 MP: 1/1
   717 | D:2      | Reached XP level 3. HP: 33/33 MP: 2/2
   721 | D:2      | Found Uref's Magic Scroll Shop.
   726 | D:2      | Reached ** piety under Trog
   746 | D:2      | Found Folumnut's Distillery.
   956 | D:2      | Reached XP level 4. HP: 41/41 MP: 3/3
   973 | D:2      | Found Kutoc's Distillery.
  1360 | D:3      | Noticed Ijyb
  1371 | D:3      | Killed Ijyb
  1625 | D:3      | Found an ancient bone altar of Kikubaaqudgha.
  1627 | D:3      | Found a radiant altar of Vehumet.
  1785 | D:3      | Reached XP level 5. HP: 35/47 MP: 4/4
  1860 | D:3      | Reached skill level 5 in Axes
  2153 | D:4      | Reached skill level 5 in Fighting
  2280 | D:4      | Reached *** piety under Trog
  2404 | D:4      | Noticed a necrophage
  2413 | D:4      | Killed a necrophage
  2414 | D:4      | Reached XP level 6. HP: 56/56 MP: 5/5
  2656 | D:4      | Noticed Grinder
  2672 | D:4      | Killed Grinder
  2673 | D:4      | Reached skill level 5 in Armour
  2673 | D:4      | Reached XP level 7. HP: 55/62 MP: 6/6
  2701 | D:4      | Found a glowing golden altar of the Shining One.
  2965 | D:5      | Entered Level 5 of the Dungeon
  3104 | D:5      | Noticed Menkaure
  3113 | D:5      | Killed Menkaure
  3114 | D:5      | Reached skill level 5 in Dodging
  3333 | D:5      | Found Pirhaviass's Antique Weapon Shoppe.
  3463 | D:5      | Reached XP level 8. HP: 50/71 MP: 7/7
  3514 | D:5      | Found a runed translucent gate.
  3514 | D:5      | Found a runed translucent gate.
  3514 | D:5      | Found a runed translucent gate.
  3514 | D:5      | Noticed fly's ghost (weakling HuDe)
  3516 | D:5      | Found a basalt altar of Yredelemnul.
  3545 | D:5      | Killed fly's ghost
  3926 | D:5      | Found an opulent altar of Gozag.
  4098 | D:5      | Found a staircase to the Ecumenical Temple.
  4392 | D:6      | Found Heac's General Store.
  4726 | D:6      | Reached XP level 9. HP: 76/81 MP: 8/8
  4755 | D:6      | Found a sand-covered staircase.
  5195 | D:7      | Noticed Harold
  5211 | D:7      | Killed Harold
  5585 | D:7      | Found a runed translucent door.
  5586 | D:7      | Noticed Crazy Yiuf
  5620 | D:7      | Found a shadowy altar of Dithmenos.
  5999 | D:7      | Reached **** piety under Trog
  6214 | D:7      | Reached XP level 10. HP: 67/91 MP: 9/9
  7232 | D:7      | Killed Crazy Yiuf
  7278 | D:8      | Reached skill level 10 in Fighting
  7278 | D:8      | Reached skill level 10 in Axes
  7811 | D:8      | Found a glowing silver altar of Zin.
  7843 | D:8      | Found an iron altar of Okawaru.
  8242 | D:9      | Found a white marble altar of Elyvilon.
  8369 | D:9      | Noticed Erolcha
  8373 | D:9      | Killed Erolcha
  8374 | D:9      | Reached skill level 10 in Armour
  8563 | D:9      | Found a staircase to the Lair.
  8564 | D:9      | Noticed a death yak
  8564 | D:9      | Noticed a death yak
  8565 | D:9      | Noticed a death yak
  8578 | D:9      | Killed a death yak
  8580 | D:9      | Killed a death yak
  8581 | D:9      | Reached XP level 11. HP: 42/101 MP: 10/10
  8585 | D:9      | Killed a death yak
  8936 | D:9      | Found Latosal's Distillery.
  9235 | D:9      | Bought a potion of heal wounds for 75 gold pieces
  9235 | D:9      | Bought a potion of heal wounds for 75 gold pieces
  9307 | D:10     | Entered Level 10 of the Dungeon
  9463 | D:10     | Found Poedwer's Assorted Antiques.
  9705 | D:10     | Reached ***** piety under Trog
 10011 | D:10     | Noticed Joseph
 10018 | D:10     | Killed Joseph
 10019 | D:10     | Reached skill level 10 in Dodging
 10153 | D:10     | Found an ornate altar of the Wu Jian Council.
 10495 | D:11     | Noticed a two-headed ogre
 10502 | D:11     | Killed a two-headed ogre
 10621 | D:11     | Noticed a two-headed ogre
 10627 | D:11     | Killed a two-headed ogre
 10762 | D:11     | Found the +8 frozen axe "Frostbite" {freezing cloud, *Noise
                  | Fly rC+}
 11243 | D:11     | Found a staircase to the Orcish Mines.
 11694 | D:11     | Reached XP level 12. HP: 84/112 MP: 11/11
 11955 | D:12     | Noticed a two-headed ogre
 11959 | D:12     | Killed a two-headed ogre
 12216 | D:12     | Identified the +4 spear "Yhiczie" {vamp, Fragile Int+5}
 12398 | D:12     | Noticed an eight-headed hydra
 12407 | D:12     | Killed an eight-headed hydra
 13011 | D:13     | Noticed a centaur warrior
 13016 | D:13     | Noticed Maurice
 13018 | D:13     | Killed a centaur warrior
 13019 | D:13     | Identified the +9 morningstar "Poiloir" {flame, rPois
                  | Str+3}
 13019 | D:13     | Noticed a centaur warrior
 13025 | D:13     | Killed Maurice
 13027 | D:13     | Killed a centaur warrior
 13485 | Lair:1   | Entered Level 1 of the Lair of Beasts
 14578 | Lair:2   | Noticed a four-headed hydra
 14581 | Lair:2   | Killed a five-headed hydra
 14602 | Lair:2   | Reached XP level 13. HP: 98/122 MP: 12/12
 15121 | Lair:2   | Found a staircase to the Swamp.
 15128 | Lair:2   | Received a gift from Trog
 15986 | Lair:3   | Noticed Sonja
 16596 | Lair:3   | Noticed Rupert
 16610 | Lair:3   | Killed Rupert
 16840 | Lair:3   | You are sucked into a shaft and drop 1 floor!
 16840 | Lair:4   | Noticed Kirke
 16852 | Lair:4   | Killed Kirke
 16912 | Lair:4   | Noticed Nessos
 16923 | Lair:4   | Shot with an arrow by Nessos

Illustrated notes

Levels and vault maps discovered:
D:1:      giann_wishing_wells, layout_loops_ring, ebering_ecumenical_altar_rust,
          kennysheep_crisscross
D:2:      layout_rooms, serial_shops, shop, shop, shop
D:3:      layout_loops_corners, nicolae_overflow_hidden_temple, uniq_ijyb
D:4:      layout_basic, lemuel_crystal_altar, uniq_grinder
D:5:      layout_loops_ring, mainiacjoe_overflow_alcove_4,
          nicolae_yredelemnul_ghost_church, minmay_temple_entry_from_below_a,
          nrook_loot_triangle, minmay_shop_grid_forest,
          minmay_chambers_of_fives, uniq_menkaure
D:6:      layout_rooms, serial_shops, shop_statue,
          nicolae_ossuary_entry_false_entrances
D:7:      minmay_polygon_palace, layout_basic, grunt_dithmenos_smoke,
          lightli_bailey_entry_fortress, st_stairs_10, minmay_crossroads,
          uniq_crazy_yiuf_cottage, uniq_harold
D:8:      layout_cave_pods, zin_statuary, nicolae_overflow_crystal_walls,
          st_stairs_1, kennysheep_decorative_pillar
D:9:      layout_roguey, mainiacjoe_overflow_small_starburst,
          dpeg_lair_monsters, nicolae_wooded_promenade, uniq_erolcha
D:10:     layout_basic, nicolae_wu_jian_immortal_techniques, serial_shops,
          nicolae_shop_overgrown_old_shop, serial_bayou_pond_d, uniq_joseph
D:11:     layout_irregular_city, kennysheep_orc_monster_closet_entryway,
          chequers_avenue, hellmonk_guarded_unrand_frostbite
D:12:     layout_roguey
D:13:     layout_rooms, ximxim_vaults_locker_room, serial_glass,
          glass_columns_a, glass_columns_a, uniq_maurice
Lair:1:   layout_roguey
Lair:2:   nzn_winding_woodlands_stair_trap [nzn_winding_woodlands_5x15_eye,
          nzn_winding_woodlands_5x15_jagged, nzn_winding_woodlands_5x15_twine,
          nzn_winding_woodlands_15x15_eel_pit,
          nzn_winding_woodlands_5x15_sidewinder,
          nzn_winding_woodlands_5x15_split_checker,
          nzn_winding_woodlands_5x15_cabin], layout_loops_ring,
          minmay_swamp_entry_worms, serial_bayou_shore_a
Lair:3:   cheibrodos_lair_river_kwai, layout_chaotic_city,
          spider_nest_entry_webs, uniq_rupert, uniq_sonja
Lair:4:   mu_elephants_graveyard, layout_cave_shapes, cheibrodos_lair_lostbears,
          uniq_nergalle, uniq_nessos, uniq_kirke

Skill      XL: |  1  2  3  4  5  6  7  8  9 10 11 12 13 |
---------------+----------------------------------------+-----
Axes           | 4 5 6 8 9 10 12 13 14 | 14.2
Fighting       | 4 5 6 8 9 10 12 13 14 | 14.2
Armour         | 3 4 5 7 9 10 11 13 14 | 14.0
Dodging        | 3 4 5 6 8 9 10 12 | 12.9

Action                   |  1- 3 |  4- 6 |  7- 9 | 10-12 | 13-15 || total
-------------------------+-------+-------+-------+-------+-------++-------
Melee: Hand axe          |    68 |   100 |   208 |       |       ||   376
       Headbutt          |    11 |    17 |    69 |    65 |    31 ||   193
       Battleaxe         |       |       |    69 |   236 |       ||   305
       Executioner's axe |       |       |       |    91 |   116 ||   207
       Mace              |       |       |       |     7 |       ||     7
Invok: Trog's Hand       |       |     4 |     4 |     4 |     2 ||    14
       Berserk           |       |       |     1 |     5 |     2 ||     8
       Brothers in Arms  |       |       |       |     2 |     3 ||     5
Evoke: Wand              |       |       |       |     2 |       ||     2
  Use: Scroll            |       |       |    15 |     3 |     3 ||    21
       Potion            |       |       |       |     1 |     6 ||     7
Armor: Animal skin       |     3 |       |       |       |       ||     3
       Plate armour      |    35 |    57 |   179 |   311 |    82 ||   664
Dodge: Dodged            |    29 |    32 |   131 |   305 |   167 ||   664

Table legend: (Time is in decaauts)
 A = Elapsed time spent in this place.
 B = Non-inter-level travel time spent in this place.
 C = Inter-level travel time spent in this place.
 D = Time resting spent in this place.
 E = Time spent auto-exploring this place.
 F = Levels seen in this place.
 G = Mean time per level.
                   A        B        C        D        E       F      G
               +--------+--------+--------+--------+--------+-----+--------+
         Total |  17134 |  16651 |    483 |   2179 |  12433 |  17 | 1007.9 |
       Dungeon |  13628 |  13220 |    408 |   1603 |   9961 |  13 | 1048.3 |
          Lair |   3505 |   3430 |     75 |    576 |   2472 |   4 |  876.2 |
               +--------+--------+--------+--------+--------+-----+--------+

Top non-repeatable levels by time:
     D:7: 2196 daAuts
  Lair:2: 1867 daAuts
    D:11: 1783 daAuts
    D:12: 1432 daAuts
     D:9: 1292 daAuts
     D:5: 1284 daAuts
  Lair:1: 1050 daAuts
    D:10: 916 daAuts
     D:3: 888 daAuts
     D:6: 856 daAuts
     D:4: 817 daAuts
     D:8: 810 daAuts
     D:1: 703 daAuts
     D:2: 565 daAuts
  Lair:3: 493 daAuts
